cohdb
Replays
Latest Replays
All Replays
Popular Replays
Top Player Replays
Match Explorer
How It Works
Community
CoH3 Stats
Reddit
Sign in to upload your games and track your stats! →
Sign in with Steam
Match 41530200
Unlisted
Match 41530200
Overview
Messages
Build Orders
End
Construct Section Command Post
Royal Engineer Section
Selects Air and Sea Battlegroup
Vickers Machine Gun Team
ML 3-inch Mortar Team
Infantry Section
Infantry Section
Selects Supply Surplus
Construct Field Infirmary
Forward Retreat Point
Construct Platoon Command Post
Grenade Package
6-pounder Anti-tank Gun Team
Selects Commando Section Paradrop
Selects M1 Pack Howitzer Paradrop
Commando Section Paradrop
Infantry Training
Construct Resource Cache
Construct Company Command Post
Random_Target
Turtleboy
Mace
UneXplain
MZMZ
jerjawe
0
0
Comments
sign in to comment!
No comments posted yet!